 Dungeon Crawl Stone Soup version 0.30.1-11-g7821555f0a (webtiles) character file.

Game seed: 10568315178017199929

2402 lonewolfV2 the Protected (level 9, -2/74 (76) HPs)
             Began as a Formicid Fighter on Nov 16, 2023.
             Slain by a sixfirhy (11 damage)
             ... summoned by an orc sorcerer
             ... in a bailey.
             The game lasted 00:08:43 (7621 turns).

lonewolfV2 the Protected (Formicid Fighter)         Turns: 7621, Time: 00:08:44

HP:   -2/74 (76)    AC: 25    Str: 25    XL:     9   Next: 75%
MP:   9/9           EV:  9    Int: 10    God:
Gold: 354           SH: 12    Dex: 15    Spells: 8/8 levels left

rFire   . . .        a - +0 war axe (protect)
rCold   . . .        c - +1 buckler
rNeg    . . .        b - +0 scale mail
rPois   .            (helmet unavailable)
rElec   .            (no cloak)
rCorr   .            (no gloves)
SInv    +            o - +1 pair of boots of the Abyss {Str+2 Int+2}
Will    .....        p - amulet of reflection Stlth
                     u - +4 ring of protection
HPRegen 0.32/turn    x - +4 ring of protection
MPRegen 0.11/turn

%: reflection
@: mighty, under a protective aura, lightly drained
A: permanent stasis, dig shafts and tunnels, antennae 3, four strong arms
a: Dig


You were in a bailey.
You visited 2 branches of the dungeon, and saw 8 of its levels.
You also visited: Bailey.

You collected 354 gold pieces.

Inventory:

Hand Weapons
 a - a +0 war axe of protection (weapon)
Missiles
 g - 3 throwing nets
Armour
 b - a +0 scale mail (worn)
 c - a +1 buckler (worn)
 o - the +1 pair of boots of the Abyss (worn) {Str+2 Int+2}
   (You acquired it on level 4 of the Dungeon)

   Str:       It affects your strength (+2).
   Int:       It affects your intelligence (+2).
Jewellery
 p - an amulet of reflection (around neck)
 s - an amulet of faith
 u - a +4 ring of protection (left hand)
 x - a +4 ring of protection (right hand)
 y - a ring of resist corrosion
Wands
 k - a wand of mindburst (2)
 z - a wand of flame (15)
Scrolls
 e - a scroll of identify
 h - 3 scrolls of immolation
 l - 2 scrolls of magic mapping
 n - a scroll of brand weapon
 q - a scroll of enchant armour
 w - a scroll of fear {unknown}
Potions
 f - a potion of degeneration
 i - 6 potions of curing
 j - a potion of attraction
 m - a potion of invisibility
 r - 2 potions of brilliance
 t - 2 potions of heal wounds
 v - a potion of flight


   Skills:
 - Level 9.0 Fighting
 * Level 5.3 Axes
 - Level 9.0 Armour
 + Level 6.1 Shields


You had 8 spell levels left.
You didn't know any spells.
Your spell library contained the following spells:

 Spells                   Type           Power      Damage    Failure   Level
 Lesser Beckoning         Tloc           0%         N/A       80%         2
 Gell's Gravitas          Tloc           0%         N/A       95%         3
 Teleport Other           Tloc           0%         N/A       95%         3


Dungeon Overview and Level Annotations

Branches:
Dungeon (7/15)             Temple (1/1) D:6          Bailey (1/1)

Altars:
Cheibriados
Dithmenos
Elyvilon
Fedhas
Makhleb
Nemelex Xobeh
Okawaru
Ru
Trog
Uskayaw
Yredelemnul
Zin

Shops:
D:7 :


Innate Abilities, Weirdness & Mutations

You cannot be hasted, slowed, berserked, paralysed or teleported.
You can dig through walls and to a lower floor.
You have a pair of large antennae on your head. (SInv)
Your four strong arms can wield two-handed weapons with a shield.


Message History

You barely miss the ynoxinul. The sixfirhy hits you! The sixfirhy shocks you!
The sixfirhy hits you but does no damage.
The orc sorcerer mumbles some strange words.
The orc sorcerer hits you with a +0 battleaxe!
The orc warrior closely misses you. The sixfirhy hits you.
The sixfirhy shocks you!
* * * LOW HITPOINT WARNING * * *
The ynoxinul hits you.
* * * LOW HITPOINT WARNING * * *
You feel much better. You block the sixfirhy's attack.
The sixfirhy hits you but does no damage.
You block the sixfirhy's attack. The orc sorcerer closely misses you.
The orc warrior hits you but does no damage.
The sixfirhy hits you but does no damage.
The ynoxinul gestures.
You hit the orc sorcerer but do no damage.
You closely miss the orc warrior. You closely miss the sixfirhy.
You hit the ynoxinul but do no damage. You block the sixfirhy's attack.
The orc sorcerer casts a spell.
The orc sorcerer hits you but does no damage.
The orc warrior hits you with a +0 double sword.
The ynoxinul barely misses you.
The orc sorcerer hits you with a +0 battleaxe.
The orc warrior hits you with a +0 double sword!
You hit the orc sorcerer but do no damage.
You miss the sixfirhy. You slash the ynoxinul!
You closely miss the orc warrior. The ynoxinul hits you.
The orc sorcerer barely misses you.
The orc warrior hits you with a +0 double sword.
You barely miss the orc sorcerer.
You hit the orc warrior but do no damage.
You completely miss the sixfirhy. You hit the ynoxinul.
You block the sixfirhy's attack. The sixfirhy hits you!
* * * LOW HITPOINT WARNING * * *
The sixfirhy shocks you!
* * * LOW HITPOINT WARNING * * *
The sixfirhy hits you.
* * * LOW HITPOINT WARNING * * *
The sixfirhy shocks you!
You die... ≈≈≈≈≈~.#.8...#.....# ≈≈≈≈≈~.#.....####### ≈≈≈≈≈~.#.8############ ≈≈≈≈≈~.#..# ......... ≈≈≈≈≈~.#.8# ....... ≈≈≈≈≈~.#).# .54.. ≈≈≈≈≈~.##)# {4o5

≈≈≈≈≈÷.#))# ##3##
≈≈≈≈≈~.#..# #3@o#
≈≈≈≈≈~.#..# #o..#
≈≈≈≈≈~.#..# #8.8#
≈≈≈≈≈÷.#..# #...#
≈≈≈≈≈#'#'##+###8.8#
≈≈≈≈≈#....#[[.#...#
≈≈≈≈≈#....#[[.#...# ?#
≈≈≈≈≈###..######.######.
≈≈≈≈ +........∩.......


You could see a sixfirhy (summoned), a ynoxinul (summoned), 2 chaos spawn, 2 orc
sorcerers, an orc warrior and 2 ufetubi.

Vanquished Creatures
  A steam dragon (D:6)
  A water moccasin (D:7)
  An ice beast (D:7)
  2 sky beasts
  2 orc warriors
  2 black bears
  2 ogres
  A bullfrog (D:6)
  3 necrophages (D:4)
  4 scorpions
  3 wights (D:7)
  4 electric eels (Bailey)
  4 hounds
  An orc priest (D:6)
  2 sleepcaps
  2 iguanas
  An orc wizard (D:5)
  5 gnolls (Bailey)
  A howler monkey zombie (D:4)
  7 adders
  An ufetubus (D:4)
  2 adder zombies (D:4)
  3 worms
  2 dart slugs
  11 orcs
  6 endoplasms
  8 giant cockroaches
  11 goblins
  14 hobgoblins
  8 jackals
  4 quokkas
  11 ball pythons
  7 bats
  2 frilled lizards
  8 kobolds
  A quokka zombie (D:4)
  4 rats
152 creatures vanquished.

Vanquished Creatures (others)
  A hobgoblin (Bailey)
1 creature vanquished.

Grand Total: 153 creatures vanquished

Notes
Turn   | Place    | Note
-------+----------+-------------------------------------------
     0 | D:1      | lonewolfV2 the Formicid Fighter began the quest for the
                  | Orb.
     0 | D:1      | Reached XP level 1. HP: 18/18 MP: 1/1
    62 | D:1      | Reached XP level 2. HP: 18/24 MP: 2/2
   273 | D:1      | Reached XP level 3. HP: 26/30 MP: 3/3
  1204 | D:2      | Reached XP level 4. HP: 34/37 MP: 4/4
  1960 | D:3      | Found a faded altar of an unknown god.
  1983 | D:3      | Prayed at the altar of an unknown god.
  1983 | D:3      | Became a worshipper of Uskayaw the Reveller
  1983 | D:3      | Reached * piety under Uskayaw
  1984 | D:3      | Fell from the grace of Uskayaw
  2254 | D:4      | Reached XP level 5. HP: 43/43 MP: 5/5
  2294 | D:4      | Noticed a black bear
  2314 | D:4      | Killed a black bear
  2315 | D:4      | Reached skill level 5 in Fighting
  2315 | D:4      | Reached skill level 5 in Armour
  2315 | D:4      | Reached XP level 6. HP: 19/51 MP: 6/6
  2804 | D:4      | Found a blossoming altar of Fedhas.
  3299 | D:4      | Reached XP level 7. HP: 22/54 MP: 7/7
  3737 | D:4      | Identified a scroll of acquirement
  3737 | D:4      | Acquired the +1 pair of boots of the Abyss {Str+2 Int+2}
  3944 | D:5      | Entered Level 5 of the Dungeon
  4208 | D:5      | Found a hide-covered altar of Uskayaw.
  4336 | D:5      | Identified the +0 short sword of Growth {venom, +Blink
                  | Int+4}
  4371 | D:5      | Reached XP level 8. HP: 67/67 MP: 8/8
  5546 | D:6      | Found a sacrificial altar of Ru.
  5628 | D:6      | Found a bloodstained altar of Trog.
  5634 | D:6      | Was forgiven by Uskayaw
  5639 | D:6      | Reached XP level 9. HP: 55/75 MP: 9/9
  5987 | D:6      | Found a staircase to the Ecumenical Temple.
  6105 | Temple   | Entered the Ecumenical Temple
  6513 | D:7      | Found a sparkling altar of Nemelex Xobeh.
  6519 | D:7      | Found an iron altar of Okawaru.
  6553 | D:7      | Found Isso Voin's Book Boutique.
  6585 | D:7      | Found a flagged portal.
  6599 | D:7      | Reached skill level 5 in Shields
  6740 | Bailey   | Entered a bailey
  7109 | Bailey   | Reached skill level 5 in Axes
  7229 | Bailey   | HP: 2/76 [electric eel/bolt of electricity (9)]
  7607 | Bailey   | Found an iron altar of Okawaru.
  7609 | Bailey   | Noticed an orc sorcerer
  7609 | Bailey   | Noticed an orc sorcerer
  7616 | Bailey   | Noticed a sixfirhy
  7621 | Bailey   | Slain by a sixfirhy

Illustrated notes

Levels and vault maps discovered:
D:1:      amcnicky_arrival_gap_in_the_tavern_cellar, layout_basic,
          minmay_crystal_room
D:2:      layout_basic, minmay_close_crescents
D:3:      layout_loops_ring, shapermc_ecumenical_altar_ellora
D:4:      layout_cave_pools, fedhas_altar_decomposition
D:5:      layout_basic, nicolae_uskayaw_murder_on_the_dancefloor,
          serial_park_tiny_pond
D:6:      layout_basic, mainiacjoe_overflow_alcove_2, kennysheep_little_box,
          temple_statues, chequers_serial_rivers_micro_a,
          nicolae_fountain_basement
D:7:      gammafunk_corrupted_shrine, layout_rooms,
          palyth_temple_overflow_mages, mainiacjoe_overflow_six_doors_small,
          grunt_temple_overflow_open, serial_shops, shop, enter_bailey_2
Temple:   hellmonk_temple_micro_hex
Bailey:   bailey_axe_of_yendor_kennysheep, bailey

Skill      XL: |  1  2  3  4  5  6  7  8  9 |
---------------+----------------------------+-----
Fighting       | 4 5 6 7 8 9 |  9.0
Armour         | 4 5 6 7 8 9 |  9.0
Axes           | 5 |  5.3
Shields        | 6 |  6.1

Action                     |  1- 3 |  4- 6 |  7- 9 || total
---------------------------+-------+-------+-------++-------
  Melee: War axe           |    87 |   188 |   268 ||   543
 Invoke: Renounce Religion |       |     1 |       ||     1
  Evoke: Wand              |       |       |     5 ||     5
    Use: Scroll            |     6 |     5 |     7 ||    18
         Potion            |       |       |     3 ||     3
 Armour: Scale mail        |    83 |   124 |   154 ||   361
  Dodge: Dodged            |    63 |   121 |    91 ||   275
  Block: Buckler           |    32 |    82 |   183 ||   297
         Reflection        |       |       |     1 ||     1
